 Dungeon Crawl Stone Soup version 0.28-a0-258-g8de209e91f (webtiles) character file.

Game seed: 16705961167951400329

128 aSlayers the Skirmisher (level 5, -5/34 HPs)
             Began as a Gargoyle Abyssal Knight on Aug 26, 2021.
             Was a Follower of Lugonu.
             Slain by Natasha (6 damage)
             ... on level 3 of the Dungeon.
             The game lasted 00:05:01 (3141 turns).

aSlayers the Skirmisher (Gargoyle Abyssal Knight)   Turns: 3141, Time: 00:05:02

Health: -5/34      AC:  7    Str: 16    XL:     5   Next: 11%
Magic:  6/6        EV: 11    Int: 13    God:    Lugonu [*.....]
Gold:   88         SH:  0    Dex:  9    Spells: 4/4 levels left

rFire   . . .      SeeInvis .   a - +1 mace
rCold   . . .      Faith    .   (no shield)
rNeg    + . .      Spirit   .   b - +0 leather armour
rPois   ∞          Reflect  .   (no helmet)
rElec   +          Harm     .   (no cloak)
rCorr   .          Rampage  .   (no gloves)
Will    .....                   (no boots)
Stlth   +.........              (no amulet)
HPRegen 0.11/turn               (no ring)
MPRegen 0.10/turn               (no ring)

@: mighty, very slightly contaminated, slowed, very slow
A: sickness immunity, AC +4, negative energy resistance 1, electricity
resistance, torment resistance 1, petrification resistance
a: Renounce Religion, Depart the Abyss


You were on level 3 of the Dungeon.
You worshipped Lugonu.
Lugonu was aware of your devotion.
You visited 1 branch of the dungeon, and saw 3 of its levels.
You visited the Abyss 1 time.

You collected 88 gold pieces.

Inventory:

Hand Weapons
 a - a +1 mace (weapon)
Armour
 b - a +0 leather armour (worn)
Potions
 f - a potion of haste {unknown}
 i - a potion of resistance {unknown}
 j - a potion of flight {unknown}


   Skills:
 + Level 4.5 Fighting
 + Level 3.5 Maces & Flails
 + Level 2.8 Armour
 + Level 1.3 Dodging
 + Level 0.1 Stealth
 + Level 2.1 Invocations


You had 4 spell levels left.
You didn't know any spells.
Your spell library contained the following spells:

 Spells                   Type           Power      Damage    Failure   Level
 Foxfire                  Conj/Fire      0%         2x1d4     36%         1
 Conjure Flame            Conj/Fire      0%         6-21      73%         3
 Ignite Poison            Fire/Tmut/Pois 0%         N/A       73%         3
 Sticky Flame             Conj/Fire      0%         2d3       98%         4


Dungeon Overview and Level Annotations

Branches:
Dungeon (3/15)

Altars:
Sif Muna

Annotations:
D:3 Natasha


Innate Abilities, Weirdness & Mutations

You are immune to sickness and miasma.
Your stone body is resilient. (AC +4)
You are immune to poison.
You resist negative energy. (rN+)
You are resistant to electric shocks. (rElec)
You are resistant to unholy torment.
You are immune to petrification.


Message History

You hit Natasha but do no damage.
Natasha is lightly wounded.
Natasha stares at you and mumbles some strange words.
The magic dart hits you!
You hit Natasha but do no damage.
Natasha is lightly wounded.
Natasha zaps a wand.
You resist with some effort.
The now-empty wand crumbles to dust.
Natasha mumbles some strange words.
You closely miss Natasha.
Natasha is lightly wounded.
You flicker back into view.
Natasha barely misses you.
The white imp hits you but does no damage.
Natasha mumbles some strange words.
You barely miss Natasha.
Natasha is lightly wounded.
The white imp misses you. Natasha casts a spell at you.
The magic dart hits you. The white imp gestures at you.
The puff of frost hits you. Natasha misses you.
You hit the white imp.
The white imp is heavily wounded.
The white imp barely misses you. Natasha claws you but does no damage.
The iron imp barely misses you.
The white imp hits you but does no damage.
Natasha claws you!
* * * LOW HITPOINT WARNING * * *
You aren't carrying any scrolls.
You feel very mighty all of a sudden. The iron imp hits you.
* * * LOW HITPOINT WARNING * * *
The white imp misses you. Natasha misses you. The iron imp hits you.
* * * LOW HITPOINT WARNING * * *
The white imp closely misses you.
You hit the white imp but do no damage.
The white imp is heavily wounded.
Natasha claws you.
You die...

.##....#........(..#.###.........
.##....#...#...#####.#.....##.###
.##....#.............#.....##.#
..#....#..##...#######.....##.#
..#.......##......## #.....##.#
#..#.####..........###.....##.#
..........###......(##.....##.#
..........##..##5##........##.#
..........##...#@#...#.....##.###
..........##.#.5h..# .... #....
..........##.##...##.#...)..####.
.....#.........._................
...#.#.##.##.##...##...###..####.
...#...##.#..#.....# .####.#####.
...##..#.......#.#...............
...##..#......##.##..###.#.######
...##..#.............# #.# #.....


You could see an iron imp (summoned), Natasha and a white imp (summoned).

Vanquished Creatures
  Natasha (twice) (D:3)
  3 adders (D:3)
  A dart slug (D:1)
  4 ball pythons
  4 endoplasms
  3 giant cockroaches
  3 hobgoblins
  4 jackals (D:3)
  2 quokkas (D:1)
  3 bats (D:1)
  5 frilled lizards
  2 goblins (D:1)
  8 kobolds
  6 rats
50 creatures vanquished.

Notes
Turn   | Place    | Note
-------+----------+-------------------------------------------
     0 | Abyss:1  | aSlayers the Gargoyle Abyssal Knight began the quest for
                  | the Orb.
     0 | Abyss:1  | Reached XP level 1. HP: 14/14 MP: 2/2
     0 | D:1      | Escaped the Abyss
   350 | D:1      | Found a faded altar of an unknown god.
   371 | D:1      | Got Plato's Grimoire of Fire
   487 | D:1      | Reached XP level 2. HP: 19/19 MP: 3/3
   604 | D:1      | Reached skill level 1 in Dodging
   973 | D:1      | Reached * piety under Lugonu
  1010 | D:1      | Reached XP level 3. HP: 14/24 MP: 4/4
  2533 | D:3      | Reached XP level 4. HP: 25/29 MP: 5/5
  2850 | D:3      | Noticed Natasha
  2860 | D:3      | Killed Natasha
  2861 | D:3      | Reached skill level 4 in Fighting
  3046 | D:3      | Found a shimmering blue altar of Sif Muna.
  3050 | D:3      | Noticed Natasha
  3062 | D:3      | Killed Natasha
  3063 | D:3      | Reached XP level 5. HP: 17/34 MP: 6/6
  3070 | D:3      | Noticed Natasha
  3140 | D:3      | HP: 1/34 [iron imp[Natasha] (4)]
  3141 | D:3      | Slain by Natasha

Illustrated notes

Levels and vault maps discovered:
D:1:      lemuel_arrival_muddy, layout_loops_ring,
          shapermc_ecumenical_altar_rom_forum
D:2:      layout_basic
D:3:      layout_basic, mainiacjoe_overflow_small_starburst, uniq_natasha

Skill      XL: |  1  2  3  4 |
---------------+-------------+-----
Dodging        | 1 |  1.3
Maces & Flails | 3 |  3.5
Fighting       | 4 |  4.5
Armour         | |  2.8
Stealth        | |  0.1
Invocations    | |  2.1

Action                   |  1- 3 |  4- 6 || total
-------------------------+-------+-------++-------
Melee: Mace              |   110 |    41 ||   151
       Unarmed           |       |    10 ||    10
Invok: Depart the Abyss  |     1 |       ||     1
  Use: Scroll            |       |     3 ||     3
       Potion            |       |     3 ||     3
Armor: Leather armour    |    42 |    24 ||    66
Dodge: Dodged            |    83 |    59 ||   142

Table legend: (Time is in decaauts)
 A = Elapsed time spent in this place.
 B = Non-inter-level travel time spent in this place.
 C = Inter-level travel time spent in this place.
 D = Time resting spent in this place.
 E = Time spent auto-exploring this place.
 F = Levels seen in this place.
 G = Mean time per level.
                   A        B        C        D        E       F      G
               +--------+--------+--------+--------+--------+-----+--------+
         Total |   3180 |   3180 |      0 |      0 |   2676 |   4 |  795.0 |
       Dungeon |   3180 |   3180 |      0 |      0 |   2676 |   3 | 1060.0 |
         Abyss |      0 |      0 |      0 |      0 |      0 |   1 |    0.0 |
               +--------+--------+--------+--------+--------+-----+--------+

Top non-repeatable levels by time:
     D:1: 1471 daAuts
     D:3: 916 daAuts
     D:2: 792 daAuts
